 Dungeon Crawl Stone Soup version 0.30.0-29-ga12c61a403 (webtiles) character file.

Game seed: 12787650999599969609

7 101zpm the Magician (level 2, -7/21 HPs)
             Began as a Djinni Fire Elementalist on June 12, 2023.
             Mangled by an orc
             ... wielding a +0 flail
              (8 damage)
             ... on level 3 of the Dungeon.
             The game lasted 00:03:58 (273 turns).

101zpm the Magician (Djinni Fire Elementalist)       Turns: 273, Time: 00:03:59

Health: -7/21      AC:  3    Str:  7    XL:     2   Next: 5%
Gold:   0          EV: 12    Int: 16    God:
                   SH:  0    Dex: 13

rFire   + + .        (no weapon)
rCold   x . .        (no shield)
rNeg    . . .        a - +1 robe
rPois   ∞            (no helmet)
rElec   .            (no cloak)
rCorr   .            (no gloves)
SInv    .            (boots unavailable)
Will    .....        (no amulet)
Stlth   ++           (no ring)
HPRegen 0.23/turn    (no ring)
MPRegen 0.00/turn

%: infuse magic (-8 HP)
@: flying
A: sickness immunity, fire resistance 2, cold vulnerability 1, float, innate
caster, HP casting, extra vitality 1
a: no special abilities


You were on level 3 of the Dungeon.
You visited 1 branch of the dungeon, and saw 3 of its levels.

Inventory:

Armour
 a - a +1 robe (worn)


   Skills:
 + Level 2.2 Dodging
 + Level 1.6 Stealth
 + Level 2.7 Spellcasting


You knew the following spells:

 Your Spells              Type           Power      Damage    Failure   Level
a - Foxfire               Conj/Fire      40%        2x1d6     6%          1
b - Scorch                Fire           20%        2d5       10%         2
c - Volatile Blastmotes   Fire/Tloc      20%        2d11      19%         3
d - Inner Flame           Hex/Fire       10%        N/A       19%         3
e - Flame Wave            Conj/Fire      10%        2d6       54%         4
Your spell library was empty.

Dungeon Overview and Level Annotations

Branches:
Dungeon (3/15)

Altars:
Xom


Innate Abilities, Weirdness & Mutations

You are immune to sickness and miasma.
You are immune to poison.
Your flesh is very heat resistant. (rF++)
You are vulnerable to cold. (rC-)
You float through the air rather than walking.
You learn spells naturally, not from books.
Your magical power is your life essence.
You have superior vitality. (+4 MHP)


Message History

The frilled lizard bites you.
The frilled lizard attacks as you move away!
The frilled lizard closely misses you.
The crimson imp grinds its teeth.
There is a shimmering altar of Xom here.
You reach down and open the door.
The frilled lizard bites you but does no damage.
There is an open door here.
The frilled lizard attacks as you move away!
The frilled lizard bites you but does no damage.
A kobold comes into view. It is wielding a +0 dagger.
The kobold shouts!
You hear a shout!
A goblin comes into view. It is wielding a +0 club.
The kobold throws a stone.
The stone barely misses you.
Casting: Foxfire (safe; 6% risk of failure)
Press: ? - help, Q - select action, (/) - cycle Dir - look around, f - activate You conjure some foxfire!
The frilled lizard bites you.
Casting: Foxfire (safe; 6% risk of failure)
Press: ? - help, Q - select action, (/) - cycle Dir - look around, f - activate You conjure some foxfire!
The foxfire hits the frilled lizard.
You kill the frilled lizard!
The foxfire hits the crimson imp.
The crimson imp completely resists.
You barely miss the crimson imp.
The foxfire hits the crimson imp.
The crimson imp completely resists.
The foxfire hits the crimson imp.
The crimson imp completely resists.
The orc wizard mumbles some strange words.
The orc wizard flickers and vanishes!
Deactivating autopickup; reactivate with Ctrl-A.
The crimson imp blinks!
Casting: Foxfire (safe; 6% risk of failure)
Confirm with . or Enter, or press ? or * to list all spells.
Flames lash the crimson imp.
The crimson imp completely resists.
* * * LOW HITPOINT WARNING * * *
You hear a shout!
The orc hits you with a +0 flail.
* * * LOW HITPOINT WARNING * * *
The orc attacks as you move away! The orc hits you with a +0 flail!
You die...

#.†........
#'# #.#
####'####
#.^.....#
###.o.###
#.......#
####o####.#
#..@.....#
#..5.....#
#........#
#..g..K..#
#........#
#........#
#........#
#........#


You could see a crimson imp, 2 orcs, a goblin and a kobold.

Vanquished Creatures
  A goblin (D:3)
  A hobgoblin (D:2)
  A kobold (D:3)
  A ball python (D:3)
  A bat (D:3)
  A frilled lizard (D:3)
  A rat (D:1)
7 creatures vanquished.

Vanquished Creatures (others)
  34 foxfires
34 creatures vanquished.

Grand Total: 41 creatures vanquished

Notes
Turn   | Place    | Note
-------+----------+-------------------------------------------
     0 | D:1      | 101zpm the Djinni Fire Elementalist began the quest for the
                  | Orb.
     0 | D:1      | 101zpm set off with the following spells memorised:
                  | Foxfire, Scorch, Volatile Blastmotes, Inner Flame, Flame
                  | Wave.
     0 | D:1      | Reached XP level 1. HP: 15/15 MP: 0/0
   242 | D:3      | Found a shimmering altar of Xom.
   242 | D:3      | Noticed a crimson imp
   242 | D:3      | Noticed a crimson imp
   242 | D:3      | Noticed a crimson imp
   242 | D:3      | Noticed a crimson imp
   258 | D:3      | Reached XP level 2. HP: 13/21 MP: 0/0
   272 | D:3      | HP: 1/21 [orc/+0 flail (5)]
   273 | D:3      | Mangled by an orc

Illustrated notes

Levels and vault maps discovered:
D:1:      dpeg_arrival_stone_temple_mockup, layout_basic,
          serial_co_window_serial, co_window_paths_b, co_window_paths_a,
          co_window_of_opportunity_a, co_window_corner_a, co_window_corner_a,
          co_window_of_opportunity_c, co_window_broadway_c, co_window_2corner,
          co_window_2corner, co_window_of_opportunity_b, co_window_broadway_a,
          glass_columns_a, glass_columns_a, glass_columns_b,
          ebering_ecumenical_altar_box
D:2:      minmay_skewed_foursquare, layout_loops_corners, st_stairs_4,
          dreamdust_princess_bridge, kennysheep_generic_room_16
D:3:      layout_basic, led_xom_imps, nicolae_uskayaw_dance_hall,
          gammafunk_temple_overflow_arena, nicolae_half_adder

Action                     || total
---------------------------++-------
  Melee: Unarmed           ||     9
   Cast: Foxfire           ||    22
         Scorch            ||     2
    Use: Scroll            ||     2
 Armour: Robe              ||     5
  Dodge: Dodged            ||    15
